[Event "Team 45 45 League T68"]
[Site "Internet Chess Club"]
[Date "2016.04.01"]
[Round "4"]
[White "charles-allen"]
[Black "justice02"]
[Result "1-0"]
[WhiteElo "1848"]
[BlackElo "1631"]
[Opening "Scandinavian (center counter) defense"]
[ECO "B01"]
[Time "22:00:32"]
[TimeControl "2700+45"]

1. e4 d5 2. exd5 Qxd5 3. Nf3 Nf6 4. d4 c6 5. c4 Qd8 6. Nc3 g6 7. Be2 Bg7 8. O-O
O-O 9. h3 Re8 10. Re1 Nbd7 11. Bf4 a6 12. Bd3 Nf8 13. Rc1 Nh5 14. Be3 f5 15. Qd2
Ne6 16. Ne2 f4 17. Nxf4 Nhxf4 18. Bxf4 Nxd4 19. Nxd4 Qxd4 20. b3 e5 21. Be3 Qd6
22. Qc2 Qf6 23. Rcd1 Be6 24. Bb6 Rec8 25. Be4 a5 26. Rd3 Bf5 27. Bxf5 Qxf5 28.
Red1 Re8 29. R1d2 Bh6 30. Rd1 Bg7 31. a4 Bf8 32. Qe2 e4 33. Rd7 Re7 34. Qd2 Rae8
35. Rxe7 Rxe7 36. Bxa5 e3 37. fxe3 Rxe3 38. Rf1 Qc5 39. Rxf8+ Kxf8 40. Bb4 Re1+
41. Kh2 {Black resigns} 1-0

[Event "Team 45 45 League T68"]
[Site "Internet Chess Club"]
[Date "2016.04.03"]
[Round "4"]
[White "Agarnez"]
[Black "Pomberito"]
[Result "0-1"]
[WhiteElo "1945"]
[BlackElo "2083"]
[Opening "King's Indian, 3.Nf3"]
[ECO "E61"]
[Time "20:30:25"]
[TimeControl "2700+45"]

1. d4 Nf6 2. Nf3 g6 3. c4 Bg7 4. Nc3 O-O 5. Bg5 c5 6. e3 Qa5 7. Qd2 d6 8. Bxf6
Bxf6 9. Nd5 Qxd2+ 10. Nxd2 Nc6 11. dxc5 Bxb2 12. Rb1 Ba3 13. cxd6 Bxd6 14. Be2
b6 15. f4 f5 16. Bf3 Bd7 17. O-O Rac8 18. Nb3 Nd8 19. Be2 Nb7 20. Rfd1 Ba4 21.
Nc3 Be8 22. Nb5 Bxb5 23. cxb5 Rc3 24. Kf2 Nc5 25. Nxc5 Bxc5 26. Rd3 Rc2 27. a3
e5 28. Rbd1 exf4 29. Rd7 Rf7 30. Rxf7 Kxf7 31. Rd7+ Kf6 32. Kf3 fxe3 33. Rxh7 g5
{White resigns} 0-1

[Event "Team 45 45 League T68"]
[Site "Internet Chess Club"]
[Date "2016.03.31"]
[Round "4"]
[White "drbishop"]
[Black "Portola"]
[Result "1/2-1/2"]
[WhiteElo "1797"]
[BlackElo "1723"]
[Opening "Queen's gambit declined"]
[ECO "D30"]
[Time "20:00:54"]
[TimeControl "2700+45"]

1. d4 d5 2. c4 e6 3. Nf3 Nf6 4. e3 Be7 5. Nc3 O-O 6. Bd3 Nbd7 7. O-O b6 8. cxd5
exd5 9. Bd2 Bb7 10. Rc1 c5 11. Qe2 a6 12. Ne5 Re8 13. f4 Nf8 14. g4 cxd4 15.
exd4 Ne6 16. Be3 Ne4 17. Nxe4 dxe4 18. Bc4 Bd5 19. Bxa6 Bxa2 20. Nc6 Qd6 21.
Nxe7+ Qxe7 22. Bb5 Red8 23. Bc6 Rac8 24. Rfd1 Bb3 25. Rd2 Ba4 26. d5 Bxc6 27.
Rxc6 Rxc6 28. dxc6 Nc5 29. Rxd8+ Qxd8 30. Bxc5 bxc5 31. Qxe4 h6 32. Kf2 Qh4+ 33.
Ke3 Qe1+ 34. Kd3 Qb1+ 35. Ke3 Qe1+ 36. Kf3 Qh1+ 37. Ke3 Qe1+ {Game drawn by
repetition} 1/2-1/2

[Event "Team 45 45 League T68"]
[Site "Internet Chess Club"]
[Date "2016.03.30"]
[Round "4"]
[White "Hal2001"]
[Black "roji"]
[Result "0-1"]
[WhiteElo "1682"]
[BlackElo "1832"]
[Opening "Caro-Kann: classical variation"]
[ECO "B18"]
[Time "21:01:52"]
[TimeControl "2700+45"]

1. e4 c6 2. d4 d5 3. Nc3 dxe4 4. Nxe4 Bf5 5. Ng3 Bg6 6. N1e2 Nd7 7. Nf4 Qc7 8.
h4 e5 9. Nxg6 hxg6 10. Bc4 Nb6 11. Qe2 Nxc4 12. Qxc4 O-O-O 13. Be3 f5 14. Qe6+
Kb8 15. dxe5 Ne7 16. Rd1 Nd5 17. Bg5 Bb4+ 18. Bd2 Rhe8 19. Qxg6 Qxe5+ 20. Kf1
Bxd2 21. Kg1 Ne7 22. Qf7 f4 23. Nf1 Ba5 24. Rxd8+ Rxd8 25. Rh3 Rd1 26. Qc4 b5
{White resigns} 0-1

[Event "Team 45 45 League T68"]
[Site "Internet Chess Club"]
[Date "2016.04.01"]
[Round "4"]
[White "mejker"]
[Black "The7thGuest"]
[Result "1-0"]
[WhiteElo "2135"]
[BlackElo "1933"]
[Opening "Queen's pawn: London system"]
[ECO "A45"]
[Time "14:00:28"]
[TimeControl "2700+45"]

1. d4 Nf6 2. Bf4 g6 3. e3 Bg7 4. Nf3 d6 5. Be2 O-O 6. O-O Nbd7 7. c4 c6 8. Nc3
Qa5 9. a3 e5 10. b4 Qc7 11. Bg3 exd4 12. Nxd4 Rd8 13. Rc1 a6 14. Nb3 Ne5 15. c5
d5 16. Nd4 Ne4 17. Nxe4 dxe4 18. Qc2 f5 19. Rfd1 Qe7 20. Rd2 Re8 21. Rcd1 h6 22.
Nb3 Be6 23. Na5 Kh7 24. Bxe5 Bxe5 25. Bc4 Bc8 26. Ba2 Bg7 27. Nc4 Be6 28. Nd6
Reb8 29. Bxe6 Qxe6 30. Nc4 Rf8 31. Rd6 Qg8 32. Nb6 Rad8 33. Qd2 Rxd6 34. cxd6
Rd8 35. Qc2 Qe6 36. d7 Be5 37. Qd2 Bc7 38. Na4 b6 39. Qd4 Be5 40. Qxb6 Rxd7 41.
Rf1 Qc4 42. Nc5 Bxh2+ 43. Kxh2 Qxf1 44. Nxd7 Qxf2 45. Nf8+ Kg7 46. Ne6+ Kf7 47.
Nf4 Qh4+ 48. Nh3 g5 49. Qc7+ Kg6 50. Qxc6+ Kh5 51. g3 {Black resigns} 1-0

[Event "Team 45 45 League T68"]
[Site "Internet Chess Club"]
[Date "2016.04.02"]
[Round "4"]
[White "wfjalet500"]
[Black "fkramer"]
[Result "1-0"]
[WhiteElo "1867"]
[BlackElo "1698"]
[Opening "Alekhine's defense: modern, Larsen variation"]
[ECO "B04"]
[Time "21:00:24"]
[TimeControl "2700+45"]

1. e4 Nf6 2. e5 Nd5 3. d4 d6 4. Nf3 dxe5 5. Nxe5 c6 6. Bc4 Nd7 7. O-O Nxe5 8.
dxe5 e6 9. Qf3 Be7 10. Qg4 g6 11. Bh6 Bf8 12. Bxf8 Kxf8 13. Rd1 Qe7 14. Bb3 b5
15. Nd2 Bb7 16. Ne4 c5 17. Bxd5 Bxd5 18. Nf6 Rd8 19. Rd3 h5 20. Qf4 Kg7 21. Qg5
Qb7 22. Nxh5+ Rxh5 23. Qxd8 Rxe5 24. Rh3 Rh5 25. Rxh5 gxh5 26. Qg5+ Kf8 27. Rd1
Qc7 28. f4 Qa5 29. f5 Ke8 30. fxe6 Bxe6 31. Qxh5 Qb6 32. Qe5 c4+ 33. Qd4 Qc7 34.
h4 Ke7 35. h5 Qb6 36. Qxb6 axb6 37. Rd4 Kf6 38. h6 Kg6 39. Rh4 Kh7 40. g4 f6 41.
Kf2 b4 42. Kf3 b3 43. axb3 cxb3 44. c3 b5 45. Kf4 Bd7 46. g5 fxg5+ 47. Kxg5 Be6
48. Re4 Bc4 49. Re7+ Kh8 50. h7 b4 51. Kh6 Bb5 52. Rf7 {Black resigns} 1-0

[Event "Team 45 45 League T68"]
[Site "Internet Chess Club"]
[Date "2016.04.01"]
[Round "4"]
[White "bradleyguo175"]
[Black "cayo89"]
[Result "1/2-1/2"]
[WhiteElo "1679"]
[BlackElo "1654"]
[Opening "Budapest: Adler variation"]
[ECO "A52"]
[Time "20:01:19"]
[TimeControl "2700+45"]

1. d4 Nf6 2. c4 e5 3. dxe5 Ng4 4. Nf3 Nc6 5. Bf4 Bb4+ 6. Nbd2 Qe7 7. e3 Ngxe5 8.
Nxe5 Nxe5 9. Be2 Qd6 10. O-O Bxd2 11. Bxe5 Qxe5 12. Qxd2 O-O 13. Qd4 Re8 14.
Qxe5 Rxe5 15. Rfd1 d6 16. Bf3 Be6 17. Bxb7 Rb8 18. Bc6 Rxb2 19. Rab1 Rb6 20.
Rxb6 axb6 21. Bd5 Kf8 22. Rd4 Ke7 23. Kf1 Kd7 24. Ke2 c6 25. Bxe6+ Kxe6 26. Rd2
Ra5 27. Rb2 Ra6 28. Kd3 b5 29. cxb5 cxb5 30. Kc3 Ra4 31. Kb3 Rc4 32. Rd2 d5 33.
Rd4 g5 34. g3 g4 35. Rf4 f5 36. Kb2 Ke5 37. Kb3 h5 38. Kb2 d4 39. exd4+ Rxd4 40.
Rxd4 Kxd4 41. Kb3 Kc5 42. Kc3 b4+ 43. Kb3 Kb5 44. Kc2 Kc4 45. Kb2 Kc5 46. Kb3
Kb5 47. Kc2 {Game drawn by mutual agreement} 1/2-1/2

[Event "Team 45 45 League T68"]
[Site "Internet Chess Club"]
[Date "2016.04.03"]
[Round "4"]
[White "RD1974"]
[Black "QuieroAprender"]
[Result "1-0"]
[WhiteElo "1731"]
[BlackElo "1602"]
[Opening "King's pawn game"]
[ECO "C50"]
[Time "19:05:34"]
[TimeControl "2700+45"]

1. e4 e5 2. Nf3 Nc6 3. Bc4 Nd4 4. Nxe5 Qg5 5. Bxf7+ Ke7 6. Ng4 Kxf7 7. c3 h5 8.
Ne3 Ne6 9. d4 Nf4 10. Qf3 d6 11. g3 Bg4 12. Nxg4 hxg4 13. Qxf4+ Qxf4 14. Bxf4
Nf6 15. Nd2 Nh5 16. Be3 c5 17. O-O-O cxd4 18. Bxd4 Nf6 19. e5 dxe5 20. Bxe5 Bc5
21. f4 Be3 22. Kc2 Rad8 23. Nc4 Bc5 24. Rxd8 Rxd8 25. Rd1 Rxd1 26. Kxd1 Nd5 27.
Bd4 Bxd4 28. cxd4 b5 29. Nd6+ Kf6 30. Nxb5 Ne3+ 31. Ke2 Nc4 32. b3 {Black
resigns} 1-0

[Event "Team 45 45 League T68"]
[Site "Internet Chess Club"]
[Date "2016.04.04"]
[Round "4"]
[White "drsigmund1"]
[Black "Bible-Believer"]
[Result "1-0"]
[WhiteElo "1484"]
[BlackElo "1423"]
[Opening "Modern defense"]
[ECO "A40"]
[Time "13:05:27"]
[TimeControl "2700+45"]

1. d4 g6 2. Bf4 Bg7 3. Nf3 d6 4. e4 Nd7 5. Nc3 e5 6. dxe5 dxe5 7. Bg5 Ngf6 8.
Qd2 b6 9. Bh6 O-O 10. O-O-O Bb7 11. Bxg7 Kxg7 12. Bd3 Qe7 13. h4 h6 14. Ne1 Nc5
15. f3 Rad8 16. Qe3 Nxd3+ 17. Nxd3 Ba6 18. g4 Rh8 19. g5 hxg5 20. hxg5 Rxh1 21.
Rxh1 Nh5 22. Nd5 Qd7 23. Nf6 Qd4 24. Qxd4 Rxd4 25. Nxh5+ gxh5 26. Nxe5 Be2 27.
Re1 f6 28. gxf6+ Kxf6 29. Nc6 Rd6 30. e5+ {Black resigns} 1-0

[Event "Team 45 45 League T68"]
[Site "Internet Chess Club"]
[Date "2016.04.03"]
[Round "4"]
[White "chesskix"]
[Black "Leon13"]
[Result "1-0"]
[WhiteElo "1546"]
[BlackElo "1278"]
[Opening "English opening"]
[ECO "A22"]
[Time "20:02:19"]
[TimeControl "2700+45"]

1. c4 e5 2. Nc3 Nf6 3. d3 h6 4. g3 Bc5 5. h3 d5 6. cxd5 Nxd5 7. Bg2 Nf6 8. Nf3
Nbd7 9. O-O O-O 10. a3 c6 11. Nd2 Nh7 12. Nde4 Be7 13. Be3 f5 14. Nd2 f4 15.
gxf4 exf4 16. Bd4 c5 17. Qb3+ Kh8 18. Bxg7+ Kxg7 19. Nce4 Nhf6 20. Rac1 Nxe4 21.
Nxe4 Rb8 22. Qc3+ Nf6 23. Nxc5 Kh7 24. b4 Bf5 25. Qe5 Nd7 26. Nxd7 Qxd7 27. Rc7
Qe6 28. Rxe7+ Qxe7 29. Qxe7+ Kh8 30. Qe5+ Kh7 31. Kh2 Rbe8 32. Qc7+ Kh8 33. Qc3+
Kh7 34. Be4 Bxe4 35. dxe4 Re7 36. e5 Rfe8 37. Qd3+ Kh8 38. Qg6 Re6 39. Qf7 R6e7
40. Qf6+ Kh7 41. Rg1 b6 42. Rg6 {Black resigns} 1-0

[Event "Team 45 45 League T68"]
[Site "Internet Chess Club"]
[Date "2016.04.02"]
[Round "4"]
[White "olivermx"]
[Black "kingsrook"]
[Result "0-1"]
[WhiteElo "1315"]
[BlackElo "1341"]
[Opening "Sicilian defense"]
[ECO "B20"]
[Time "12:00:43"]
[TimeControl "2700+45"]

1. e4 c5 2. Bb5 e6 3. d3 a6 4. Ba4 b5 5. Bb3 Nc6 6. Be3 Nf6 7. Nd2 Be7 8. Ngf3
O-O 9. O-O Bb7 10. c3 d5 11. e5 Ng4 12. d4 Nxe3 13. fxe3 Rc8 14. Bc2 b4 15. Qe2
c4 16. e4 Na5 17. exd5 Bxd5 18. Be4 Re8 19. Bxd5 exd5 20. Nb1 Qb6 21. cxb4 Qxb4
22. Nc3 Qb7 23. Nd2 Qxb2 24. Rfd1 Qxc3 25. Nb1 Qxa1 {White resigns} 0-1

[Event "Team 45 45 League T68"]
[Site "Internet Chess Club"]
[Date "2016.04.07"]
[Round "4"]
[White "Gojira"]
[Black "az2112"]
[Result "1/2-1/2"]
[WhiteElo "1614"]
[BlackElo "1589"]
[Opening "Queen's bishop game"]
[ECO "D02"]
[Time "21:02:59"]
[TimeControl "2700+45"]

1. d4 Nf6 2. Nf3 d5 3. Bf4 Bf5 4. c3 e6 5. Nbd2 Nbd7 6. e3 Be7 7. h3 h6 8. Qb3
b6 9. c4 c5 10. Be2 O-O 11. Ne5 Nxe5 12. dxe5 Ne4 {Game drawn by mutual
agreement} 1/2-1/2

[Event "Team 45 45 League T68"]
[Site "Internet Chess Club"]
[Date "2016.04.01"]
[Round "4"]
[White "ChessMaine"]
[Black "Mitochondria"]
[Result "0-1"]
[WhiteElo "1481"]
[BlackElo "1539"]
[Opening "King's Indian: Torre attack"]
[ECO "A48"]
[Time "20:02:53"]
[TimeControl "2700+45"]

1. d4 Nf6 2. Nf3 g6 3. Bg5 Bg7 4. Nbd2 O-O 5. e4 d6 6. Be2 Bg4 7. O-O Nc6 8. d5
Bxf3 9. Nxf3 Nb8 10. Qd3 Nbd7 11. b4 Nh5 12. Rab1 Nhf6 13. c4 b6 14. Nd4 Ne5 15.
Qc2 a5 16. f4 Ned7 17. Nc6 Qe8 18. bxa5 Rxa5 19. Nxa5 bxa5 20. Rb5 Nc5 21. Bf3
h6 22. Bh4 a4 23. Rfb1 Qa8 24. Bf2 Nfd7 25. Bg4 Nf6 26. Bf3 Nfd7 27. Be1 Bd4+
28. Bf2 Bxf2+ 29. Kxf2 Qa7 30. Kf1 h5 31. Qd2 f5 32. Ra5 Na6 33. Rxa4 Ndc5 34.
Ra3 fxe4 35. Be2 Qa8 36. Bd1 Qc8 37. Rg3 Qf5 38. Rg5 Qxg5 39. g3 Qf5 40. Rb5 h4
41. Qb2 hxg3 42. hxg3 Qh3+ 43. Qg2 Qxg2+ 44. Kxg2 Rb8 45. a4 Rxb5 46. cxb5 Nb8
47. a5 e6 48. dxe6 Nxe6 49. a6 Nd7 50. Bb3 Kf7 51. Bd5 Nb6 52. Bxe4 Nd4 53. Bd5+
Nxd5 54. a7 Nb6 {White resigns} 0-1

[Event "Team 45 45 League T68"]
[Site "Internet Chess Club"]
[Date "2016.04.01"]
[Round "4"]
[White "guyd52"]
[Black "JohLeb"]
[Result "0-1"]
[WhiteElo "1338"]
[BlackElo "1355"]
[Opening "Réti: King's Indian attack (Barcza system)"]
[ECO "A07"]
[Time "19:00:29"]
[TimeControl "2700+45"]

1. Nf3 d5 2. g3 Nf6 3. Bg2 Nc6 4. d3 b6 5. O-O Bb7 6. Nbd2 e6 7. e3 Bd6 8. c4
dxc4 9. Nxc4 Rc8 10. Qa4 Nd7 11. d4 O-O 12. Bd2 a6 13. Nh4 b5 14. Qb3 Nxd4 15.
exd4 Bxg2 16. Nxd6 Bxf1 17. Nxc8 Bc4 18. Qa3 Qxc8 19. Bg5 f6 20. Bf4 g5 21. Ng2
gxf4 22. Nxf4 Qb7 23. Re1 e5 24. Nh5 Bf7 25. Qe7 Bxh5 26. Qxd7 Bf3 27. dxe5 Bh1
28. Qg4+ Kh8 29. Qh3 fxe5 30. Rxe5 Qf3 31. Qf1 Rd8 32. Re1 c5 33. h4 c4 34. Kh2
Rd2 35. Kh3 Rxf2 36. Qxh1 Qxh1+ 37. Rxh1 Rxb2 38. a4 c3 39. Rd1 c2 40. Rd8+ Kg7
41. Rd7+ Kf6 42. Rd6+ Ke5 43. Rc6 Kd5 44. Rc7 b4 45. Rd7+ Kc4 46. a5 b3 47. Rxh7
Kb4 48. Rb7+ Kxa5 49. Rc7 Rb1 50. Rc5+ Kb4 51. Rc6 c1=Q 52. Rxa6 Qc8+ 53. Re6
Qxe6+ 54. g4 Qe3+ 55. Kg2 Rb2+ 56. Kf1 Qf2# {White checkmated} 0-1

[Event "Team 45 45 League T68"]
[Site "Internet Chess Club"]
[Date "2016.04.03"]
[Round "4"]
[White "Conjurer"]
[Black "stasis009"]
[Result "0-1"]
[WhiteElo "1098"]
[BlackElo "1311"]
[Opening "Queen's pawn, Mason variation"]
[ECO "D00"]
[Time "18:03:24"]
[TimeControl "2700+45"]

1. d4 d5 2. Bf4 Nf6 3. e3 Nc6 4. Nf3 Nh5 5. Bg5 h6 6. Bh4 g5 7. Bg3 Bf5 8. Ne5
Nxg3 9. hxg3 Nxe5 10. dxe5 Bg7 11. f4 O-O 12. Nc3 c6 13. g4 Bd7 14. Bd3 Qb6 15.
Qd2 Bxg4 16. Na4 Qc7 17. Be2 Bf5 18. O-O-O b5 19. Nc5 e6 20. g4 Bg6 21. Qc3 a5
22. fxg5 Bxe5 23. Qd2 hxg5 24. e4 Bf4 {White resigns} 0-1

[Event "Team 45 45 League T68"]
[Site "Internet Chess Club"]
[Date "2016.03.30"]
[Round "4"]
[White "krysto"]
[Black "fireball"]
[Result "1/2-1/2"]
[WhiteElo "1608"]
[BlackElo "1559"]
[Opening "Budapest: Adler variation"]
[ECO "A52"]
[Time "20:10:38"]
[TimeControl "2700+45"]

1. d4 Nf6 2. c4 e5 3. dxe5 Ng4 4. Nf3 Bc5 5. e3 Nc6 6. Nc3 Ngxe5 7. Be2 O-O 8.
O-O d6 9. a3 a5 10. Bd2 Bf5 11. Nd5 Ne7 12. b4 axb4 13. axb4 Ba7 14. Nxe7+ Qxe7
15. Qb3 Qe6 16. Nh4 Be4 17. Bc3 Qf6 18. Nf3 Nxf3+ 19. Bxf3 Qf5 20. Bxe4 Qxe4 21.
Rfd1 Bb6 22. Rxa8 Rxa8 23. Ra1 Re8 24. Rd1 h6 25. Bd4 Bxd4 26. Rxd4 Qe5 27. Qd1
Ra8 28. g3 c5 29. bxc5 dxc5 30. Rd8+ Rxd8 31. Qxd8+ Kh7 32. Qd3+ f5 33. Qb3 Qa1+
34. Kg2 Qa6 35. Qd3 Qe6 36. f3 Kg6 37. e4 fxe4 38. Qxe4+ Qxe4 39. fxe4 Kf6 40.
Kf3 Ke5 41. Ke3 g5 42. g4 b6 43. h3 {Game drawn by mutual agreement} 1/2-1/2

[Event "Team 45 45 League T68"]
[Site "Internet Chess Club"]
[Date "2016.04.03"]
[Round "4"]
[White "mongmong"]
[Black "Berke"]
[Result "1/2-1/2"]
[WhiteElo "1513"]
[BlackElo "1519"]
[Opening "Old Benoni defense"]
[ECO "A46"]
[Time "06:00:30"]
[TimeControl "2700+45"]

1. d4 Nf6 2. Nf3 c5 3. d5 b5 4. Bg5 Qb6 5. Bxf6 Qxf6 6. c3 Qb6 7. e4 d6 8. a4
bxa4 9. Qxa4+ Bd7 10. Qc2 g6 11. Na3 Bg7 12. Nc4 Qc7 13. Be2 O-O 14. O-O Bb5 15.
Ra3 Nd7 16. Rfa1 Rfb8 17. Na5 Bxe2 18. Qxe2 Rb6 19. Nc6 a6 20. Nxe7+ Kf8 21. Nc6
Nb8 22. Nxb8 Qxb8 23. R3a2 Qb7 24. h3 Bf6 25. Ne1 Kg7 26. Nd3 Qc7 27. Qc2 Qe7
28. Rb1 Qxe4 29. Ne1 Qxd5 30. c4 Qe6 {Game drawn by mutual agreement} 1/2-1/2

[Event "Team 45 45 League T68"]
[Site "Internet Chess Club"]
[Date "2016.04.03"]
[Round "4"]
[White "QuimCatala"]
[Black "Gilguli"]
[Result "0-1"]
[WhiteElo "1363"]
[BlackElo "1492"]
[Opening "Sicilian"]
[ECO "B56"]
[Time "15:11:03"]
[TimeControl "2700+45"]

1. e4 c5 2. Nf3 d6 3. d4 cxd4 4. Nxd4 Nf6 5. Nc3 e5 6. Nb3 Be6 7. f3 Be7 8. Be3
O-O 9. Qd2 d5 10. exd5 Nxd5 11. Nxd5 Qxd5 12. O-O-O Qxd2+ 13. Rxd2 Nc6 14. Bd3
Rac8 15. c3 Rfd8 16. Rhd1 Nb4 17. Kb1 Nxd3 18. Rxd3 Rxd3 19. Rxd3 Bf5 20. Kc2
Rd8 21. Nc1 a6 22. Kd2 Bxd3 23. Nxd3 f5 24. Ke2 Bd6 25. Bg5 Rd7 26. g3 Kf7 27.
Bd2 Ke6 28. f4 e4 29. Nf2 Bc5 30. Nh3 h6 31. b4 Ba7 32. Be3 Bxe3 33. Kxe3 Rd3+
34. Ke2 Rxc3 35. Nf2 Rc2+ 36. Ke3 Rxa2 37. Nd1 Rxh2 38. Nc3 Rg2 39. Ne2 Rxe2+
40. Kxe2 Kd5 41. Ke3 Kc4 42. b5 axb5 43. Kd2 b4 {White resigns} 0-1

[Event "Team 45 45 League T68"]
[Site "Internet Chess Club"]
[Date "2016.04.02"]
[Round "4"]
[White "Toalla"]
[Black "tamky70"]
[Result "1-0"]
[WhiteElo "1244"]
[BlackElo "1326"]
[Opening "French: Schlechter variation"]
[ECO "C01"]
[Time "17:03:55"]
[TimeControl "2700+45"]

1. e4 e6 2. d4 d5 3. Bd3 Nc6 4. Nf3 Nf6 5. e5 Ne4 6. Bxe4 dxe4 7. Ng5 Be7 8.
Nxe4 Qxd4 9. Qxd4 Nxd4 10. Kd1 O-O 11. c3 Nf5 12. Nbd2 b6 13. Re1 Bb7 14. f3
Rad8 15. Kc2 Bg5 16. Nxg5 h6 17. Nge4 Ne7 18. Nf1 Nc6 19. f4 Ne7 20. g4 Bxe4+
21. Rxe4 Nd5 22. Be3 c5 23. Rd1 Rfe8 24. h4 Kf8 25. Ng3 c4 26. f5 Nxe3+ 27. Rxe3
Rxd1 28. Kxd1 Rd8+ 29. Kc2 Rd5 30. Nh5 b5 31. Nf4 Rd7 32. fxe6 fxe6 33. Nxe6+
Ke7 34. Nxg7 Rd5 35. Nf5+ Ke6 36. Nxh6 Rxe5 37. Rxe5+ {Black resigns} 1-0

[Event "Team 45 45 League T68"]
[Site "Internet Chess Club"]
[Date "2016.04.05"]
[Round "4"]
[White "cayo89"]
[Black "ausya"]
[Result "1/2-1/2"]
[WhiteElo "1656"]
[BlackElo "1686"]
[Opening "Sicilian: Hungarian variation"]
[ECO "B27"]
[Time "20:03:02"]
[TimeControl "2700+45"]

1. e4 c5 2. Nf3 g6 3. Bd3 Bg7 4. c3 Nc6 5. Bc2 d5 6. d3 b6 7. O-O e6 8. Re1 Nge7
9. Bf4 O-O 10. Nbd2 Bb7 11. Nf1 Qd7 12. Qd2 dxe4 13. dxe4 Qxd2 14. N1xd2 Ba6 15.
Nb3 Rfd8 16. Rad1 Rxd1 17. Rxd1 Rd8 18. Rxd8+ Nxd8 19. Ne5 Ndc6 20. Ng4 f5 21.
Ne3 e5 22. Bg5 f4 23. Nd5 Kf7 24. Nd2 h6 25. Bxe7 Nxe7 26. Nc7 Bc8 27. Bb3+ Kf8
28. Ne6+ Bxe6 29. Bxe6 Nc6 30. Bd7 Nb8 31. Be6 Ke7 32. Bc4 Kd6 33. Bf7 g5 34.
Nc4+ Ke7 35. Bd5 Kd7 36. a4 Nc6 37. f3 Kc7 38. Kf2 a6 39. Ke2 b5 40. axb5 axb5
41. Nd2 Kb6 42. Kd3 c4+ 43. Kc2 Kc5 44. b4+ Kb6 {Game drawn by mutual agreement}
1/2-1/2

[Event "Team 45 45 League T68"]
[Site "Internet Chess Club"]
[Date "2016.04.01"]
[Round "4"]
[White "Elton2013"]
[Black "Hal2001"]
[Result "1-0"]
[WhiteElo "1788"]
[BlackElo "1670"]
[Opening "Benoni: Taimanov variation"]
[ECO "A67"]
[Time "14:04:13"]
[TimeControl "2700+45"]

1. d4 Nf6 2. c4 c5 3. d5 e6 4. Nc3 exd5 5. cxd5 d6 6. e4 g6 7. f4 Bg7 8. Bb5+
Nbd7 9. e5 dxe5 10. fxe5 a6 11. exf6 Qxf6 12. Bxd7+ Bxd7 13. Nf3 O-O 14. O-O Bg4
15. Qc2 Qd6 16. Be3 Rfe8 17. Rae1 Bf5 18. Qd2 b5 19. Bf4 Qd7 20. d6 c4 21. Nd5
Bd3 22. Nc7 Rxe1 23. Rxe1 Rc8 24. Re7 Qc6 25. d7 {Black resigns} 1-0

[Event "Team 45 45 League T68"]
[Site "Internet Chess Club"]
[Date "2016.04.01"]
[Round "4"]
[White "Constrictor"]
[Black "moodle"]
[Result "1-0"]
[WhiteElo "1625"]
[BlackElo "1584"]
[Opening "Queen's pawn game, Darooha variation "]
[ECO "D02"]
[Time "20:04:51"]
[TimeControl "2700+45"]

1. Nf3 d5 2. d4 Nf6 3. c4 Bf5 4. Nc3 Nc6 5. a3 e6 6. Bf4 a6 7. e3 Be7 8. Rc1 O-O
9. cxd5 exd5 10. Bd3 Bg4 11. O-O h6 12. Be2 Bd6 13. Re1 Re8 14. Bxd6 Qxd6 15. h3
Bf5 16. Nh2 Rad8 17. Ng4 Nxg4 18. Bxg4 Be6 19. Bf3 Ne7 20. Ne2 Ng6 21. Qc2 c6
22. Bh5 Nh4 23. Nf4 g6 24. Nxe6 Qxe6 25. Be2 Qf6 26. b4 Qg5 27. g3 Nf5 28. Kh2
Re7 29. Bd3 Rde8 30. Bxf5 gxf5 31. Qe2 Kh8 32. Rg1 Rg8 33. Qf3 f6 34. g4 Reg7
35. Qxf5 Qh4 36. Rg3 Rg6 37. Rcg1 Qg5 38. Qxg5 Rxg5 39. h4 R5g6 40. Kh3 Re8 41.
g5 hxg5 42. hxg5 f5 43. Kg2 Kg7 44. Kf3 Kf7 45. Rh1 Ke6 46. Rh6 Rg8 47. Rxg6+
Rxg6 48. Ke2 b6 49. Kd3 Kd6 50. f4 Ke6 51. Rh3 Kf7 52. Rh8 Rg8 53. Rh1 Rg7 54.
a4 Rg8 55. Rc1 Rc8 56. b5 axb5 57. axb5 c5 58. dxc5 bxc5 59. b6 c4+ 60. Kd4 Ke6
61. b7 Rb8 62. Rb1 Kf7 63. Kxd5 Ke7 64. Kxc4 Kf7 65. Kd5 {Black resigns} 1-0

[Event "Team 45 45 League T68"]
[Site "Internet Chess Club"]
[Date "2016.04.02"]
[Round "4"]
[White "mattwang"]
[Black "Gilguli"]
[Result "1-0"]
[WhiteElo "1448"]
[BlackElo "1481"]
[Opening "Sicilian: Alapin's variation (2.c3)"]
[ECO "B22"]
[Time "08:33:47"]
[TimeControl "2700+45"]

1. e4 c5 2. c3 d6 3. d4 cxd4 4. cxd4 Nc6 5. Nf3 Nf6 6. Nc3 Bg4 7. Bb5 a6 8. Be2
b5 9. a3 Qb6 10. Be3 Qb7 11. O-O e6 12. Rc1 Be7 13. Qd2 Na5 14. Qc2 Rc8 15. b4
Bxf3 16. Bxf3 Nc4 17. a4 O-O 18. Qb3 Rc7 19. e5 Qc8 20. exf6 Bxf6 21. axb5 d5
22. bxa6 Qxa6 23. b5 Qb6 24. Na4 Qb8 25. Bf4 e5 26. dxe5 Bxe5 27. Bxe5 Nxe5 28.
Bxd5 Rd8 29. Rxc7 Qxc7 30. b6 Qd7 31. Rd1 Rc8 32. f4 Ng4 33. h3 Nf6 34. Bf3 Qe7
35. b7 Rb8 36. Rc1 Rxb7 37. Rc8+ Ne8 38. Qxb7 Qe1+ 39. Kh2 {Black resigns} 1-0

[Event "Team 45 45 League T68"]
[Site "Internet Chess Club"]
[Date "2016.04.02"]
[Round "4"]
[White "modiglani"]
[Black "CottageGuy"]
[Result "0-1"]
[WhiteElo "1931"]
[BlackElo "1747"]
[Opening "Queen's pawn"]
[ECO "A40"]
[Time "11:00:34"]
[TimeControl "2700+45"]

1. d4 e6 2. Nf3 f5 3. Bf4 Nf6 4. e3 g6 5. Be2 Bg7 6. c4 d6 7. Nc3 O-O 8. h4 Qe7
9. Qb3 Nc6 10. d5 Na5 11. Qc2 e5 12. Bg5 h6 13. Bxf6 Qxf6 14. e4 b6 15. b4 Nb7
16. Bd3 a5 17. bxa5 Rxa5 18. Rc1 Bd7 19. O-O Nc5 20. exf5 gxf5 21. Be2 e4 22.
Nd2 Qxc3 23. Qxc3 Bxc3 24. Rxc3 Rxa2 25. Rd1 Ba4 26. Rg3+ Kh7 {White resigns}
0-1

[Event "Team 45 45 League T68"]
[Site "Internet Chess Club"]
[Date "2016.04.02"]
[Round "4"]
[White "Fianchettoed"]
[Black "julesraider"]
[Result "0-1"]
[WhiteElo "1600"]
[BlackElo "1636"]
[Opening "Réti: King's Indian attack"]
[ECO "A05"]
[Time "12:00:28"]
[TimeControl "2700+45"]

1. Nf3 Nf6 2. g3 g6 3. b3 Bg7 4. Bb2 d6 5. c4 O-O 6. Bg2 c6 7. O-O e5 8. d3 Nh5
9. e3 f5 10. Qd2 Qc7 11. Nc3 Nd7 12. Ng5 Ndf6 13. f4 h6 14. Nh3 Bd7 15. Rae1
Rad8 16. Nf2 Bc8 17. b4 a6 18. b5 axb5 19. cxb5 Be6 20. a4 Nd5 21. Nxd5 cxd5 22.
Rc1 Qb6 23. Nd1 Rc8 24. Qc3 Rxc3 {White resigns} 0-1

[Event "Team 45 45 League T68"]
[Site "Internet Chess Club"]
[Date "2016.04.05"]
[Round "4"]
[White "KidRattler"]
[Black "Chesstime2016"]
[Result "1/2-1/2"]
[WhiteElo "1608"]
[BlackElo "1485"]
[Opening "Danish gambit"]
[ECO "C21"]
[Time "13:34:43"]
[TimeControl "2700+45"]

1. e4 e5 2. d4 exd4 3. c3 dxc3 4. Bc4 Bc5 5. Nf3 d6 6. Nxc3 Nf6 7. O-O O-O 8.
Ng5 h6 9. Nxf7 Rxf7 10. e5 Ng4 11. Be3 Nxe5 12. Bxf7+ Nxf7 13. Bxc5 dxc5 14.
Qxd8+ Nxd8 15. Nd5 Na6 16. Rad1 Nf7 17. Rfe1 Bg4 18. f3 Bh5 19. g4 Bg6 20. f4 c6
21. Ne7+ Kh7 22. f5 Bxf5 23. Nxf5 g6 24. Re7 gxf5 25. Rxf7+ Kg6 26. Rxf5 Re8 27.
Rd7 Re4 28. h3 Rb4 29. Kg2 Rxb2+ 30. Kg3 Rxa2 31. h4 Ra3+ 32. Kf2 Ra2+ 33. Ke1
h5 34. Rg5+ Kf6 35. Rxh5 Nb4 36. Rf5+ Ke6 37. Rh7 Nd3+ 38. Kd1 Nf2+ 39. Kc1 Nxg4
40. Rxc5 Kd6 41. Rg5 Ne5 42. Rh6+ Kd5 43. Kd1 Ke4 44. Re6 Ra5 45. h5 Kf4 46. Rg7
Ra1+ 47. Ke2 Ra2+ 48. Kd1 Rh2 49. h6 Kf5 50. Rd6 Nc4 51. Rdg6 Ne5 52. Rg2 {Game
drawn by mutual agreement} 1/2-1/2